 Dungeon Crawl Stone Soup version 0.17-a0-546-g92f1a90 (webtiles) character file.

410 Espgualade the Skirmisher (level 6, -8/42 HPs)
             Began as a Tengu Ice Elementalist on Apr 13, 2015.
             Killed from afar by an orc wizard (10 damage)
             ... with a puff of flame
             ... on level 4 of the Dungeon.
             The game lasted 00:18:50 (5752 turns).

Espgualade the Skirmisher (Tengu Ice Elementalist)  Turns: 5752, Time: 00:18:50

Health: -8/42      AC:  2    Str: 11    XL:     6   Next: 89%
Magic:  6/10       EV: 18    Int: 18    God:
Gold:   201        SH:  4    Dex: 19    Spells: 3 memorised, 3 levels left

rFire  . . .     SeeInvis .     f - -1 mace (curse)
rCold  . . .     Clarity  .     a - +0 robe
rNeg   . . .     SustAb   +     h - +0 buckler
rPois  .         Gourm    .     (helmet restricted)
rElec  .         Spirit   .     (no cloak)
rCorr  .         Warding  .     (no gloves)
rMut   .         Stasis   .     (boots unavailable)
MR     .....                    (no amulet)
Stlth  +++.......               E - +3 ring of strength
                                t - ring of sustain abilities

@: agile, not resistant to hostile enchantments, fairly stealthy
A: beak, talons 3, able to fly 1
a: Fly


You were on level 4 of the Dungeon.
You were hungry.

You visited 1 branch of the dungeon, and saw 4 of its levels.

You collected 201 gold pieces.

Inventory:

Hand weapons
 f - a cursed -1 mace (weapon)
 q - a +0 vampiric short sword
Armour
 a - a +0 robe (worn)
 h - a +0 buckler (worn)
Jewellery
 t - a ring of sustain abilities (left hand)
 E - a +3 ring of strength (right hand)
Magical devices
 i - a wand of lightning (5)
 u - a wand of random effects (32)
 x - a wand of hasting (5)
Scrolls
 l - 2 scrolls of recharging
Potions
 d - 2 potions of cure mutation
 e - 2 potions of cancellation
 j - a potion of brilliance
 p - 2 potions of heal wounds {unknown}
 r - a potion of poison {unknown}
 v - 2 potions of magic
 A - a potion of curing {unknown}
 B - a potion of might
 C - a potion of restore abilities {unknown}
Books
 b - a book of Frost

   Spells                             Type                      Level
   a - Freeze                         Ice                          1
   b - Throw Frost                    Conjuration/Ice              2
   c - Ozocubu's Armour               Charms/Ice                   3
   d - Throw Icicle                   Conjuration/Ice              4
   e - Summon Ice Beast               Ice/Summoning                4
   f - Condensation Shield            Ice                          4
 s - a book of Geomancy

   Spells                             Type                      Level
   a - Sandblast                      Earth                        1
   b - Stoneskin                      Transmutation/Earth          2
   c - Passwall                       Transmutation/Earth          3
   d - Stone Arrow                    Conjuration/Earth            3
   e - Petrify                        Transmutation/Earth          4
   f - Lee's Rapid Deconstruction     Earth                        5
Comestibles
 c - 3 bread rations
 w - 3 meat rations
 D - a slice of pizza


   Skills:
 - Level 6.4 Fighting
 + Level 2.9 Dodging
 - Level 2.0 Stealth
 - Level 2.0 Spellcasting
 - Level 1.3 Conjurations
 - Level 2.6 Ice Magic


You had 3 spell levels left.
You knew the following spells:

 Your Spells              Type           Power        Failure   Level  Hunger
a - Freeze                Ice            ##..         12%         1    #......
b - Throw Frost           Conj/Ice       #.....       21%         2    ###....
c - Ozocubu's Armour      Chrm/Ice       #.......     63%         3    ###....


Dungeon Overview and Level Annotations

Branches:
Dungeon (4/15)
 Temple: D:4-7

Altars:
Fedhas
Nemelex Xobeh
Sif Muna
Vehumet
The Shining One

Shops:
D:4 :

Annotations:
D:4 exclusion: statue


Innate Abilities, Weirdness & Mutations

You have a beak for a mouth.
You have claws for feet.
You can fly.


Message History

Drink which item? (? for menu, Esc to quit)
It was a potion of agility.
You feel agile all of a sudden.
You see here a leather armour.
The orc closely misses you.
Casting: Freeze
Confirm with . or Enter, or press ? or * to list all spells.
Aiming: Freeze
Press: ? - help, Shift-Dir - straight line, f - orc
Aim: an orc, wielding a hand axe You freeze the orc.
The orc is heavily wounded.
The orc hits you with a hand axe!
* * * LOW HITPOINT WARNING * * *
You hit the orc.
You kill the orc!
You are feeling hungry.
The orc wizard casts a spell at you. The puff of flame hits you!
You die...

#.#.##.####.# *,** **
#.......# #.# **,* *
#.##.##.# #.# **,,*******
#.#...#.###.######.o#,**,,,,
#,#...#..............,,,,,,*
*,#)..#..##.###.####.#***,,*
*,#,_.#..##.# #.##..?..##,,*
**,*,..#..##.# #.#.......#.,*
*,,*,8,#..##@# #.#.......#..*
*,,*,,,#..##.# #....._.....,*
*,,****#..*#.###.#.......#,,*
*,,,,,,,,,*#.##..#.......#,,*
*,***,***,*#.o...##.....#*,,,
*,,,,,,,,,*#.##o.####†####.o.
***********#.###...))..o.....
#.# ########.##... #[#
*...,,<


You could see an orc wizard.

Vanquished Creatures
  An ogre (D:4)
  An orc priest (D:4)
  A crimson imp (D:3)
  3 worker ants
  7 adders
  4 worms
  4 giant geckos
  7 orcs
  A ball python (D:3)
  5 giant cockroaches
  16 goblins
  12 hobgoblins
  6 jackals
  6 kobolds
  A quokka (D:4)
  6 bats
  A giant gecko skeleton (D:4)
  4 giant newts
  A quokka skeleton (D:4)
  14 rats
101 creatures vanquished.

Notes
Turn   | Place    | Note
--------------------------------------------------------------
     0 | D:1      | Espgualade, the Tengu Ice Elementalist, began the quest for the Orb.
     0 | D:1      | Reached XP level 1. HP: 10/10 MP: 4/4
   442 | D:1      | Reached skill level 1 in Fighting
   667 | D:1      | Reached XP level 2. HP: 4/16 MP: 6/6
  1674 | D:1      | Learned a level 2 spell: Throw Frost
  1742 | D:2      | Reached XP level 3. HP: 9/22 MP: 0/7
  2081 | D:2      | You fall through a shaft for 2 floors!
  2081 | D:4      | Found Retwaweiff's Book Shop.
  2081 | D:4      | Noticed an ogre
  2157 | D:3      | Reached skill level 3 in Fighting
  2157 | D:3      | Reached XP level 4. HP: 12/28 MP: 1/8
  2511 | D:3      | Learned a level 3 spell: Ozocubu's Armour
  2513 | D:3      | Found a deep blue altar of Sif Muna.
  2513 | D:3      | Found a glowing golden altar of the Shining One.
  2607 | D:3      | Reached skill level 4 in Fighting
  3146 | D:3      | Gained mutation: You can fly. [Tengu growth]
  3146 | D:3      | Reached XP level 5. HP: 34/34 MP: 6/9
  3650 | D:3      | Reached skill level 5 in Fighting
  4641 | D:2      | Found a sparkling altar of Nemelex Xobeh.
  4663 | D:2      | Reached XP level 6. HP: 34/40 MP: 1/10
  5370 | D:4      | Killed an ogre
  5370 | D:4      | Reached skill level 6 in Fighting
  5446 | D:4      | Found a radiant altar of Vehumet.
  5448 | D:4      | Noticed a charred statue
  5641 | D:4      | Found a blossoming altar of Fedhas.
  5746 | D:4      | HP: 1/42 [orc/hand axe (7)]
  5752 | D:4      | Killed from afar by an orc wizard

Action                   |  1- 3 |  4- 6 || total
-------------------------+-------+-------++-------
Melee: Hand axe          |    79 |   138 ||   217
       Unarmed           |     2 |       ||     2
       Dagger            |       |    34 ||    34
       Mace              |       |    63 ||    63
 Cast: Freeze            |    16 |    46 ||    62
       Throw Frost       |       |     2 ||     2
       Ozocubu's Armour  |       |     1 ||     1
Evoke: Wand              |       |     1 ||     1
  Use: Scroll            |     2 |     9 ||    11
       Potion            |       |     3 ||     3
 Stab: Sleeping          |     1 |     7 ||     8
  Eat: Chunk             |     2 |     6 ||     8
       Bread ration      |     1 |     1 ||     2
